 Dungeon Crawl Stone Soup version 0.21-a0-504-g2eda330 (webtiles) character file.

2221 kae the Grappler (level 9, 0/88 HPs)
             Began as a Troll Monk on Nov 26, 2017.
             Was a Priest of Wu Jian.
             Slain by a hog (10 damage)
             ... on level 7 of the Dungeon.
             The game lasted 00:07:33 (4472 turns).

kae the Grappler (Troll Monk)                       Turns: 4472, Time: 00:07:34

Health: 0/88       AC:  6    Str: 21    XL:     9   Next: 13%
Magic:  8/8        EV: 13    Int:  6    God:    Wu Jian [***...]
Gold:   251        SH:  0    Dex: 15    Spells: 8/8 levels left

rFire    . . .     SeeInvis .     - Unarmed
rCold    . . .     Gourm    +   (no shield)
rNeg     . . .     Faith    .   a - +1 robe
rPois    .         Spirit   .   (helmet restricted)
rElec    .         Reflect  .   (no cloak)
rCorr    .         Harm     .   (gloves unavailable)
MR       .....                  (boots unavailable)
Stlth    +++.......             e - amulet of regeneration
HPRegen  1.04/turn              j - ring of stealth
MPRegen  0.11/turn              (no ring)

@: hasted, very quick
A: large, unfitting armour, claws 3, fast metabolism 3, gourmand, regeneration
1, shaggy fur 1, tough skin 2
a: Serpent's Lash, Renounce Religion


You were on level 7 of the Dungeon.
You worshipped Wu Jian.
Wu Jian was most pleased with you.
You were very full.

You visited 1 branch of the dungeon, and saw 7 of its levels.

You collected 405 gold pieces.
You spent 154 gold pieces at shops.

Inventory:

Armour
 a - a +1 robe (worn)
Jewellery
 e - an amulet of regeneration (around neck)
 j - a ring of stealth (left claw)
Wands
 s - a wand of acid (5)
 x - a wand of paralysis (26)
Scrolls
 i - 4 scrolls of teleportation
 q - a scroll of enchant armour
 u - a scroll of immolation {unknown}
 v - 3 scrolls of remove curse
Potions
 c - 2 potions of degeneration
 d - 2 potions of mutation
 g - 2 potions of agility
 l - 3 potions of flight
 m - 2 potions of resistance
 n - a potion of cancellation
 o - a potion of ambrosia
 p - a potion of haste
 r - 6 potions of curing
 t - a potion of magic
 z - a potion of might
Books
 k - a book of Cantrips

   Spells                             Type                      Level
   a - Confusing Touch                Hexes                        1
   b - Animate Skeleton               Necromancy                   1
   c - Summon Small Mammal            Summoning                    1
   d - Apportation                    Translocation                1
Comestibles
 b - 6 bread rations
 f - 2 meat rations
 h - 7 royal jellies
 w - 4 chunks of flesh


   Skills:
 + Level 5.6 Fighting
 + Level 5.6 Dodging
 - Level 1.0 Stealth
 * Level 9.2 Unarmed Combat


You had 8 spell levels left.
You didn't know any spells.

Dungeon Overview and Level Annotations

Branches:
Dungeon (7/15)             Temple (0/1) D:7

Altars:
Dithmenos
Sif Muna
Trog
Wu Jian

Shops:
D:4 [   D:5 ![((


Innate Abilities, Weirdness & Mutations

You are too large for most types of armour.
You have claws for hands.
Your metabolism is lightning-fast.
You like to eat raw meat.
Your natural rate of healing is unusually fast.
You are covered in fur. (AC +1)
You have very tough skin. (AC +2)


Message History

The hog closely misses you.
You spin and attack the yak repeatedly.
You scratch the yak but do no damage. x2
You spin and attack the hog.
You scratch the hog.
The hog is heavily wounded.
The hog bites you.
* * * LOW HITPOINT WARNING * * *
The hog bites you!
* * * LOW HITPOINT WARNING * * *
There is a stone staircase leading up here.
You spin and attack the hog.
You claw the hog!
The hog is almost dead.
The hog bites you.
* * * LOW HITPOINT WARNING * * *
The yak gores you.
* * * LOW HITPOINT WARNING * * *
Okay, then.
You feel yourself speed up. The hog bites you.
* * * LOW HITPOINT WARNING * * *
The hog bites you!
You die...

######## #.......
#..).... #.......
#.......
######......)
#######....#####'#)
#.@Y.............#.
#.hh.............#.
#?...............+.
#..........##....#.
#..........########
#...........#......
###########'##......
#............#......
#............#......


You could see a yak and 2 hogs.

Vanquished Creatures
  The ghost of 4thArraOfDagon the Firebug, a novice DEFE (D:6)
  Grinder (D:5)
  A hog (D:7)
  A human (D:7)
  Edmund (D:5)
  An ice beast (D:7)
  2 centaurs (D:5)
  A crocodile (D:7)
  Blork the orc (D:5)
  3 bullfrogs
  A scorpion (D:5)
  A crimson imp (D:5)
  2 bullfrog zombies (D:5)
  2 hounds
  3 orc priests
  A bullfrog skeleton (D:7)
  4 orc wizards (D:7)
  Ijyb (D:5)
  6 worker ants
  The ghost of 4thArraOfDagon the Firebug, a weakling DEFE (D:3)
  A hound skeleton (D:2)
  A worker ant zombie (D:6)
  A howler monkey zombie (D:5)
  7 adders
  2 worms (D:2)
  2 dart slugs
  3 leopard geckos
  10 orcs
  9 giant cockroaches
  9 goblins
  11 hobgoblins
  10 jackals
  8 kobolds
  4 quokkas
  2 ball pythons
  3 bats
  10 frilled lizards
  2 jackal skeletons
  2 jackal zombies (D:7)
  A quokka skeleton (D:4)
  6 rats
139 creatures vanquished.

Notes
Turn   | Place    | Note
-------+----------+-------------------------------------------
     0 | D:1      | kae the Troll Monk began the quest for the Orb.
     0 | D:1      | Reached XP level 1. HP: 22/22 MP: 0/0
   120 | D:1      | Reached XP level 2. HP: 29/29 MP: 1/1
   667 | D:2      | Reached XP level 3. HP: 30/36 MP: 2/2
   759 | D:2      | Reached skill level 4 in Unarmed Combat
   883 | D:2      | Reached XP level 4. HP: 38/44 MP: 3/3
   951 | D:2      | Found a deep blue altar of Sif Muna.
  1301 | D:3      | Noticed 4thArraOfDagon's ghost (weakling DEFE)
  1311 | D:3      | Killed 4thArraOfDagon's ghost
  1311 | D:3      | Reached XP level 5. HP: 51/53 MP: 4/4
  1783 | D:4      | Found Owkauvun's Antique Armour Shop.
  2175 | D:4      | Found a bloodstained altar of Trog.
  2203 | D:4      | Reached skill level 5 in Unarmed Combat
  2448 | D:5      | Entered Level 5 of the Dungeon
  2469 | D:5      | Noticed Edmund
  2486 | D:5      | Killed Edmund
  2486 | D:5      | Reached XP level 6. HP: 58/61 MP: 5/5
  2554 | D:5      | Found Efacluc's Distillery.
  2559 | D:5      | Noticed Blork the orc
  2578 | D:5      | Killed Blork the orc
  2578 | D:5      | Reached skill level 6 in Unarmed Combat
  2608 | D:5      | Bought a potion of curing for 33 gold pieces
  2608 | D:5      | Bought a potion of flight for 33 gold pieces
  2608 | D:5      | Bought a potion of mutation for 88 gold pieces
  2639 | D:5      | Found Watech's Armour Shop.
  2644 | D:5      | Reached XP level 7. HP: 68/68 MP: 6/6
  2666 | D:5      | Found an ornate altar of the Wu Jian Council.
  2699 | D:5      | Became a worshipper of the Wu Jian Council
  2699 | D:5      | Reached * piety under Wu Jian
  2699 | D:5      | Reached ** piety under Wu Jian
  2872 | D:5      | Found Hasuna's Antique Weapon Emporium.
  3029 | D:5      | Noticed Grinder
  3053 | D:5      | Killed Grinder
  3053 | D:5      | Reached skill level 7 in Unarmed Combat
  3053 | D:5      | Reached XP level 8. HP: 70/79 MP: 7/7
  3067 | D:5      | Noticed Ijyb
  3071 | D:5      | Paralysed by Ijyb for 3 turns
  3079 | D:5      | Killed Ijyb
  3182 | D:5      | Found Qifissi's Antique Weapon Emporium.
  3385 | D:6      | Found a shadowy altar of Dithmenos.
  3442 | D:6      | Noticed 4thArraOfDagon's ghost (novice DEFE)
  3465 | D:6      | Killed 4thArraOfDagon's ghost
  3641 | D:7      | Reached skill level 8 in Unarmed Combat
  3649 | D:7      | Reached skill level 5 in Fighting
  3649 | D:7      | Reached skill level 5 in Dodging
  4111 | D:7      | Found a staircase to the Ecumenical Temple.
  4448 | D:7      | Reached *** piety under Wu Jian
  4448 | D:7      | Reached skill level 9 in Unarmed Combat
  4448 | D:7      | Reached XP level 9. HP: 88/88 MP: 8/8
  4472 | D:7      | Slain by a hog

Vault maps used:
D:1:      mrwooster_arrival_statue
D:2:      nicolae_overflow_crystal_walls
D:4:      serial_shops, shop, trog_butcher_becter
D:5:      first_bread, basic_altar, serial_shops, kennysheep_little_box,
          nicolae_shop_trees, nicolae_shop_overgrown_old_shop, kennysheep_mini,
          kennysheep_decorative_pillar, uniq_grinder, uniq_blork_the_orc,
          uniq_edmund, uniq_ijyb
D:6:      nicolae_dithmenos_shadow_blocks
D:7:      minmay_temple_entry_trees, grunt_livestock, feat_on_display,
          uniq_joseph

Skill      XL: |  1  2  3  4  5  6  7  8 |
---------------+-------------------------+-----
Unarmed Combat | 4 5 6 7 9 |  9.2
Dodging        | 3 4 5 |  5.6
Fighting       | 3 4 5 |  5.6
Stealth        | |  1.0

Action                   |  1- 3 |  4- 6 |  7- 9 || total
-------------------------+-------+-------+-------++-------
Melee: Unarmed           |   103 |   147 |   181 ||   431
       Punch             |     4 |     1 |     3 ||     8
  Use: Scroll            |     2 |     7 |    11 ||    20
       Potion            |       |       |     1 ||     1
 Stab: Sleeping          |     2 |     8 |     6 ||    16
       Distracted        |       |       |     1 ||     1
  Eat: Chunk             |    14 |    15 |    17 ||    46
Armor: Robe              |    38 |    23 |    41 ||   102
Dodge: Dodged            |    45 |    66 |    73 ||   184

Table legend:
 A = Spawn XP
 B = Non-spawn XP
 C = Spawn XP percentage of total XP
 D = Spawn monster count
 E = Non-spawn monster count
 F = Spawn count percentage of total count
 G = Total turns spent on level
                    A         B        C        D         E        F      G
               +---------+---------+-------+---------+---------+-------+---------
         Total |       0 |    3174 |   0.0 |       0 |     139 |   0.0 |  4472
               +---------+---------+-------+---------+---------+-------+---------
           D:1 |       0 |      37 |   0.0 |       0 |      23 |   0.0 |   653
           D:2 |       0 |      89 |   0.0 |       0 |      31 |   0.0 |   491
           D:3 |       0 |     103 |   0.0 |       0 |      17 |   0.0 |   639
           D:4 |       0 |     117 |   0.0 |       0 |      14 |   0.0 |   665
           D:5 |       0 |    1126 |   0.0 |       0 |      18 |   0.0 |   748
           D:6 |       0 |     464 |   0.0 |       0 |       7 |   0.0 |   437
           D:7 |       0 |    1238 |   0.0 |       0 |      29 |   0.0 |   839
               +---------+---------+-------+---------+---------+-------+---------
